 Dungeon Crawl Stone Soup version 0.30.1-11-g7821555f0a (webtiles) character file.

Game seed: 5838545639487701561

49 Peloso the Covered (level 3, -1/33 HPs)
             Began as a Minotaur Fighter on Dec 16, 2023.
             Slain by a gnoll
             ... wielding a +2 heavy flail
              (16 damage)
             ... on level 2 of the Dungeon.
             The game lasted 00:01:58 (956 turns).

Peloso the Covered (Minotaur Fighter)                Turns: 956, Time: 00:01:59

Health: -1/33      AC:  7    Str: 20    XL:     3   Next: 53%
Magic:  2/2        EV:  9    Int:  5    God:
Gold:   77         SH:  4    Dex: 11    Spells: 2/2 levels left

rFire   . . .        a - +0 long sword
rCold   . . .        d - +0 buckler
rNeg    . . .        b - +0 scale mail
rPois   .            (helmet restricted)
rElec   .            (no cloak)
rCorr   .            (no gloves)
SInv    .            (no boots)
Will    .....        (no amulet) Stlth
                     (no ring)
HPRegen 0.25/turn    (no ring)
MPRegen 0.08/turn

%: no passive effects
@: no status effects
A: horns 2, retaliatory headbutt
a: no special abilities


You were on level 2 of the Dungeon.
You visited 1 branch of the dungeon, and saw 2 of its levels.

You collected 77 gold pieces.

Inventory:

Hand Weapons
 a - a +0 long sword (weapon)
 c - the +0 hand axe of Kowumn {freeze, +Blink rPois rF+ Will+}
   (You found it on level 2 of the Dungeon)

   rF:        It protects you from fire.
   rPois:     It protects you from poison.
   +Blink:    It lets you blink.
   Will:      It increases your willpower.
Armour
 b - a +0 scale mail (worn)
 d - a +0 buckler (worn)
Jewellery
 o - an amulet of the acrobat
Scrolls
 f - a scroll of identify {unknown}
 g - a scroll of blinking {unknown}
 h - a scroll of torment {unknown}
 i - a scroll of brand weapon {unknown}
 m - a scroll of enchant weapon {unknown}
 n - a scroll of butterflies {unknown}
Potions
 e - a potion of resistance {unknown}
 j - a potion of heal wounds
 k - a potion of magic {unknown}
 l - a potion of might


   Skills:
 + Level 4.1 Fighting
 + Level 2.8 Long Blades
 + Level 4.3 Armour
 + Level 0.5 Dodging
 + Level 0.1 Stealth
 + Level 4.2 Shields


You had 2 spell levels left.
You didn't know any spells.
Your spell library contained the following spells:

 Spells                   Type           Power      Damage    Failure   Level
 Poisonous Vapours        Pois/Air       0%         N/A       95%         2
 Mephitic Cloud           Conj/Pois/Air  0%         N/A       99%         3
 Freezing Cloud           Conj/Ice/Air   0%         6-21      100%        5


Dungeon Overview and Level Annotations

Branches:
Dungeon (2/15)

Altars:


Innate Abilities, Weirdness & Mutations

You have a pair of horns on your head.
You reflexively headbutt those who attack you in melee.


Message History

The slug dart hits you. The dart slug launches a dart at you.
The slug dart misses you.
You block the dart slug's attack. 2 gnolls come into view.
A gnoll is wielding a +2 heavy flail.
The gnoll shouts! x2; You hear a shout!
The dart slug closely misses you.
You hit the dart slug. You headbutt the dart slug.
The dart slug is moderately wounded.
A gnoll comes into view. It is wielding a +0 flail.
You slash the dart slug!
You kill the dart slug!
You closely miss the gnoll.
You headbutt the gnoll, but do no damage.
The gnoll hits you with a +2 heavy flail.
You hit the gnoll.
The gnoll is heavily wounded.
You barely miss the gnoll.
The gnoll hits you with a +2 heavy flail!
The gnoll hits you with a +0 flail.
You closely miss the gnoll.
The gnoll hits you with a +2 heavy flail.
You slash the gnoll!
The gnoll is severely wounded.
The gnoll hits you but does no damage. The gnoll barely misses you.
The gnoll hits you with a +2 heavy flail.
* * * LOW HITPOINT WARNING * * *
The gnoll hits you but does no damage. The gnoll hits you with a +0 club.
* * * LOW HITPOINT WARNING * * *
It was a potion of heal wounds.
You feel much better. The gnoll hits you with a +0 flail.
The gnoll hits you but does no damage. The gnoll hits you with a +0 club.
The gnoll attacks as you move away! The gnoll barely misses you.
The gnoll hits you but does no damage. The gnoll attacks as you move away!
The gnoll hits you with a +2 heavy flail!
You barely miss the gnoll.
The gnoll is heavily wounded.
The gnoll hits you with a +2 heavy flail!
You die...

#####.......# ..##.....##.#
#.##..#####.# #.##........####
##.##.#####.....# #### #.....^.#
#.###.# #... #..##.#.# #.# #.###
#.## #..##.#.###.#...... #.##
####.......@gg.†.# #.##
##.##†###.#.###g### #...
####...#.###.... #... ######.##
#.................#### #........
.#.##...########...# #.#.##.##
........# #...# #.#.##.##
.#.##...### #...# #.#...†##
#........# #...#### #.#..#.##
#........######...##.###.#......


You could see 3 gnolls.

Vanquished Creatures
  2 worms (D:2)
  2 dart slugs
  5 bats
  3 endoplasms (D:1)
  2 giant cockroaches (D:1)
  5 goblins
  5 hobgoblins
  A quokka (D:2)
  3 ball pythons (D:1)
  A frilled lizard (D:1)
  3 kobolds
  6 rats
38 creatures vanquished.

Notes
Turn   | Place    | Note
-------+----------+-------------------------------------------
     0 | D:1      | Peloso the Minotaur Fighter began the quest for the Orb.
     0 | D:1      | Reached XP level 1. HP: 19/19 MP: 0/0
    85 | D:1      | Reached XP level 2. HP: 27/27 MP: 1/1
   368 | D:1      | Found a faded altar of an unknown god.
   570 | D:2      | Reached XP level 3. HP: 33/33 MP: 2/2
   614 | D:2      | Identified the +0 hand axe of Kowumn {freeze, +Blink rPois
                  | rF+ Will+}
   956 | D:2      | Slain by a gnoll

Illustrated notes

Levels and vault maps discovered:
D:1:      psy_arrival_spokes, layout_basic,
          hellmonk_ecumenical_altar_slurped_away, minmay_surrounded
D:2:      layout_loops_cross

Skill      XL: |  1  2 |
---------------+-------+-----
Armour         | 4 |  4.3
Fighting       | 4 |  4.1
Shields        | 4 |  4.2
Long Blades    | |  2.8
Dodging        | |  0.5
Stealth        | |  0.1

Action                     || total
---------------------------++-------
  Melee: Long sword        ||    78
         Headbutt          ||    13
    Use: Potion            ||     1
 Armour: Scale mail        ||    52
  Dodge: Dodged            ||    53
  Block: Buckler           ||    27
